Map: Ohana ER

Players

IagoAbreu - Winner!

  • Race: Zerg Zerg
  • Spawn Location: 11:00

I.A. 1 (Mais difícil)

  • Race: Terran Terran
  • Spawn Location: 5:00

VOD

Have the link to the VOD?

Description

Time

  • Played on: Jan. 3, 2018, 3:45 p.m.
  • Length: 19:37
Show
View Real Time Build Order
Export as new Build Order

IagoAbreu Zerg - Winner!

Build Orders: Pool First 

Get SALT Encoding   

  12  0:02  Drone  
  13  0:12  Overlord  
  13  0:18  Drone  
  14  0:37  Spawning Pool  
  14  0:41  Drone  
  14  0:42  Drone  
  16  0:50  Drone  
  16  0:56  Overlord  
  16  1:03  Drone  
  17  1:14  Drone  
  18  1:23  Queen  
  20  1:38  Hatchery  
  20  1:39  Zergling x2  
  20  1:40  Zergling x2  
  21  1:49  Drone  
  22  1:58  Drone  
  22  1:59  Queen  
  25  2:07  Drone  
  26  2:32  Overlord x2  
  26  2:35  Zergling x2  
  26  2:36  Zergling x4  
  28  2:51  Drone  
  28  2:59  Zergling x4  
  30  3:06  Hatchery, Queen  
  30  3:11  Zergling x8  
  32  4:04  Zergling x12  
  32  4:05  Zergling x4  
  34  4:46  Zergling x2  
  34  4:47  Zergling x10  
  34  4:48  Zergling x10  
  37  5:11  Extractor  
  36  5:15  Extractor  
  36  5:20  Zergling x2  
  36  5:21  Zergling x12  
  40  5:23  Overlord x5  
  32  6:07  Drone x2  
  32  6:08  Drone x3  
  32  6:16  Zergling x10  
  32  6:17  Zergling x12  
  32  6:18  Zergling x4  
  44  6:53  Zergling x6  
  44  6:54  Zergling x12  
  50  6:59  Lair  
  53  7:02  Metabolic Boost  
  53  7:11  Zergling x12  
  53  7:12  Zergling x6  
  47  7:38  Zergling x4  
  47  7:39  Zergling x8  
  35  8:11  Spire  
  34  8:17  Drone  
  34  8:18  Drone x4  
  33  9:23  Corruptor x4  
  33  9:24  Mutalisk x2  
  39  9:26  Zergling x10  
  39  9:27  Zergling x2  
  51  9:36  Drone  
  51  9:37  Drone x3  
  55  9:47  Extractor  
  55  9:49  Extractor  
  55  9:50  Drone x4  
  55  9:51  Drone  
  58  9:58  Corruptor  
  60  10:04  Zergling x4  
  62  10:20  Drone x5  
  67  10:55  Overlord x2  
  67  10:56  Overlord x2  
  67  10:58  Overlord  
  67  11:35  Corruptor x3  
  67  11:36  Mutalisk x5, Corruptor  
  67  11:37  Zergling x2, Corruptor x2  
  67  11:38  Zergling x4  
  67  11:39  Zergling x2  
  93  11:51  Zerg Flyer Weapons Level 1  
  93  11:59  Evolution Chamber  
  92  12:22  Hatchery, Corruptor  
  92  12:23  Corruptor x2  
  92  12:24  Overlord  
  92  12:25  Overlord  
  75  13:07  Zergling x12  
  75  13:08  Zergling x10  
  80  13:38  Mutalisk x5  
  80  13:39  Mutalisk x4  
  85  14:27  Drone x4  
  85  14:28  Drone  
  90  14:57  Mutalisk x3, Corruptor x2  
  90  14:58  Mutalisk x2, Corruptor x2  
  90  14:59  Zergling x2  
  110  15:00  Zergling x12  
  110  15:01  Zergling x10  
  120  15:12  Overlord x3  
  120  15:41  Mutalisk x4  
  128  15:43  Zergling x10  
  128  15:44  Zergling x12  
  139  15:56  Zerg Flyer Weapons Level 2  
  114  16:36  Zergling x2  
  114  16:37  Zergling x12  
  114  16:38  Zergling x14  
  114  16:39  Zergling x2  
  117  17:25  Corruptor x2  
  117  17:26  Mutalisk x5, Corruptor  
  117  17:27  Corruptor  
  131  18:17  Mutalisk x2  
  131  18:18  Mutalisk x4  
  143  18:20  Overlord x2  
  143  18:21  Overlord x2  
Show
View Real Time Build Order
Export as new Build Order

I.A. 1 (Mais difícil) Terran 

Build Orders: MMM Bio 

Get SALT Encoding   

  12  0:00  SCV  
  13  0:13  SCV  
  14  0:19  Supply Depot  
  14  0:25  SCV  
  15  0:40  SCV  
  16  0:43  Barracks  
  16  0:49  Refinery  
  16  0:52  SCV  
  17  1:04  SCV  
  18  1:16  SCV  
  19  1:21  Supply Depot  
  19  1:29  SCV  
  19  1:32  Marine  
  21  1:41  Barracks  
  21  1:42  Orbital Command  
  21  1:49  Refinery  
  21  1:50  Barracks Tech Lab  
  21  2:07  Supply Depot  
  21  2:08  Marine  
  22  2:19  Factory  
  22  2:26  Marauder  
  22  2:27  Marine  
  23  2:47  Marine  
  23  2:49  Marine  
  25  3:05  Marine, Starport  
  26  3:06  Marine  
  27  3:15  Supply Depot  
  27  3:23  Marauder  
  27  3:24  Marine  
  30  3:28  SCV  
  30  3:40  SCV  
  31  3:42  Marine  
  31  3:45  Starport Tech Lab, Supply Depot, Marauder  
  34  3:52  SCV  
  34  3:55  Engineering Bay  
  35  4:04  SCV, Banshee  
  39  4:17  SCV  
  40  4:29  SCV  
  38  4:41  SCV  
  39  4:47  Banshee  
  42  4:53  SCV, Barracks Tech Lab  
  42  4:56  Factory Tech Lab, Factory  
  43  5:00  Starport  
  43  5:05  SCV  
  44  5:09  Supply Depot  
  44  5:15  Siege Tank  
  44  5:17  SCV  
  48  5:22  Stimpack  
  48  5:29  SCV  
  48  5:34  Combat Shields  
  49  5:37  Starport Tech Lab  
  49  5:40  Widow Mine  
  51  5:46  Marine  
  51  5:48  SCV  
  47  5:52  Marine  
  40  6:00  SCV  
  40  6:02  Factory Tech Lab  
  32  6:12  SCV  
  30  6:24  SCV  
  31  6:36  SCV  
  32  6:47  Siege Tank  
  32  6:49  SCV  
  32  6:53  Concussive Shells  
  36  6:55  Marine  
  36  7:01  SCV  
  38  7:10  Terran Infantry Weapons Level 1  
  38  7:13  SCV  
  39  7:25  SCV  
  34  7:37  SCV  
  35  7:49  SCV  
  36  7:51  Marauder  
  38  8:01  SCV  
  39  8:13  SCV  
  40  8:24  Marauder  
  40  8:25  SCV  
  38  8:30  Marine  
  36  8:37  SCV  
  37  8:45  Marine  
  38  8:48  Marine  
  39  9:03  Marine  
  39  9:04  Terran Infantry Armor Level 1  
  40  9:29  Command Center  
  40  9:44  Viking  
  42  9:49  SCV  
  43  10:01  SCV  
  44  10:12  Barracks  
  44  10:13  SCV  
  45  10:25  SCV  
  46  10:34  Factory  
  46  10:37  SCV  
  46  10:41  SCV  
  48  10:49  SCV  
  48  10:53  SCV  
  49  10:59  Barracks Reactor  
  49  11:01  SCV  
  50  11:06  SCV, Starport  
  51  11:13  SCV  
  52  11:18  SCV  
  52  11:19  Factory Tech Lab  
  52  11:23  Raven  
  55  11:25  SCV  
  55  11:27  Raven  
  58  11:42  Viking  
  60  11:51  Refinery  
  60  11:57  Refinery  
  60  12:06  Medivac  
  62  12:10  Missile Turret, Banshee  
  62  12:14  Marine, Missile Turret, Starport Reactor  
  66  12:19  Marine  
  66  12:21  Supply Depot  
  67  12:24  Marine  
  67  12:29  Marine  
  69  12:35  Medivac  
  70  12:37  SCV  
  71  12:52  Viking  
  71  12:53  Medivac  
  71  12:57  Marine, Supply Depot  
  72  13:01  Viking  
  55  13:05  Raven  
  55  13:06  Marine  
  55  13:08  Marine x2  
  57  13:15  Marine  
  58  13:23  Raven  
  58  13:24  Marine  
  58  13:26  Marine x2  
  63  13:31  Siege Tank  
  66  13:40  Medivac  
  68  13:41  Marine  
  68  13:43  Marine  
  68  13:47  Marine  
  71  13:49  Marine  
  72  13:59  Marine, Raven  
  72  14:01  Marine  
  76  14:05  Marine  
  76  14:07  Marine  
  78  14:17  Marine  
  78  14:19  Marine  
  78  14:23  Marine  
  81  14:25  Marine  
  82  14:32  Supply Depot  
  82  14:35  Marauder  
  82  14:37  Marauder  
  86  14:50  Siege Tank  
  89  14:54  Widow Mine  
  89  14:57  Marauder  
  89  14:59  Marauder  
  95  15:01  Supply Depot  
  95  15:04  SCV  
  95  15:05  SCV  
  97  15:16  SCV  
  98  15:30  Command Center  
  98  15:36  Supply Depot  
  98  15:37  SCV  
  98  15:38  SCV  
  100  15:49  SCV  
  101  15:51  SCV  
  101  15:56  Armory  
  102  16:01  SCV  
  103  16:05  SCV  
  104  16:15  Ghost Academy  
  79  16:20  Marine  
  79  16:23  Marine  
  59  16:25  Marine  
  59  16:28  Marine  
  47  16:34  Viking  
  47  16:37  Marine  
  40  16:40  Marine  
  40  16:43  Marine  
  40  16:46  Marine  
  29  16:55  Ghost  
  6  17:32  SCV  
  5  17:44  SCV  
  4  17:56  SCV  
  5  18:08  SCV  
  6  18:20  SCV, Command Center  
Tags
 
Composition
MMM Bio
Matchup
TvZ
Opening
Pool First
Spawn Locations
Cross Positions
Add a new tag
Caveats
  • Supply blocks, unpowered buildings, or Contaminate may cause inaccurate times.
  • Supply counts are checked every 10 seconds.